 Dungeon Crawl Stone Soup version 0.30-a0-459-g9104f0fc43 (webtiles) character file.

Game seed: 17980229522488814565

77313 ytrimaz the Spry (level 16, -1/128 HPs)
             Began as a Djinni Fire Elementalist on Dec 15, 2022.
             Was a Priest of Ashenzari.
             Slain by a fire dragon (5 damage)
             ... while petrified by Jorgrun
             ... on level 15 of the Dungeon.
             The game lasted 00:31:01 (14704 turns).

ytrimaz the Spry (Djinni Fire Elementalist)        Turns: 14704, Time: 00:31:02

Health: -1/128     AC: 10    Str:  7    XL:     16   Next: 4%
Gold:   1119       EV:  2    Int: 40    God:    Ashenzari [***...] SH:  0 Dex: 16

rFire   + + +      SeeInvis +    E - +8 trident of the Present {pain, Fly rElec rPois Int+5}
rCold   . . .      Faith    .    v - +2 kite shield {rC+ rF+}
rNeg    + + +      Spirit   .    s - +0 acid dragon scales
rPois   ∞          Reflect  .    a - +0 helmet "Shattered With Me" {Melee, Self} (curse)
rElec   +          Harm     .    o - +2 cloak "Ensconced Together" {Evo, Melee} (curse)
rCorr   +          Rampage  .    (no gloves)
Will    +....      Clarity  +    (boots unavailable)
Stlth   ++........               C - amulet "Failure of Ashenzari" {Regen+, Self, Cun} (curse)
HPRegen 1.21/turn                i - ring "Lashed Together" {Int+6, Self, Fort} (curse)
MPRegen 0.00/turn                B - ring of the Lashed Incredulity {Int+6, Fort, Cun} (curse)

@: petrified, flying, studying Fighting
A: sickness immunity, fire resistance 2, cold vulnerability 1, float, innate
caster, HP casting, extra vitality 1
a: Renounce Religion, Curse Item, Shatter the Chains


You were on level 15 of the Dungeon.
You worshipped Ashenzari.
Ashenzari was most pleased with you.
You visited 2 branches of the dungeon, and saw 16 of its levels.
You also visited: Bailey.

You collected 1119 gold pieces.


Innate Abilities, Weirdness & Mutations

You are immune to sickness and miasma.
You are immune to poison.
Your flesh is very heat resistant. (rF++)
You are vulnerable to cold. (rC-)
You float through the air rather than walking.
You learn spells naturally, not from books.
Your magical power is your life essence.
You have superior vitality. (+4 MHP)


   Skills:
 - Level 12.8(16.0) Fighting
 + Level 17.2(19.5) Dodging
 - Level 1.5(3.2) Stealth
 + Level 12.0(14.4) Shields
 - Level 10.5(13.7) Spellcasting


You had 3 spell levels left.
You knew the following spells:

 Your Spells              Type           Power      Damage    Failure   Level
a - Lee's Rapid Deconstr  Erth           47%        3d23*     1%          5
b - Irradiate             Conj/Tmut      47%        3d27      1%          5
c - Kindle Blastsparks    Fire/Tloc/Air  100%       2d18      1%          3
d - Flame Wave            Conj/Fire      95%        2d20      1%          4
e - Fulminant Prism       Conj/Hex       47%        3d20      1%          4
f - Eringya's Noxious Bo  Tmut/Pois      47%        N/A       2%          6
g - Ensorcelled Hibernat  Hex/Ice        100%       N/A       1%          2
h - Ozocubu's Armour      Ice            95%        N/A       1%          3
i - Inner Flame           Hex/Fire       95%        N/A       1%          3
j - Scorch                Fire           100%       2d10      1%          2
k - Foxfire               Conj/Fire      100%       2x1d9     0%          1
l - Slow                  Hex            100%       N/A       0%          1
Your spell library was empty.

Inventory:

Hand Weapons
 t - the +8 glaive of Insomnia {flame, rElec rN+ Will+++ Int-3}
   (You found it on level 5 of the Dungeon)

   It burns those it strikes, dealing additional fire damage.
   Big, fiery blades are also staple armaments of hydra-hunters.
   Int:       It affects your intelligence (-3).
   rElec:     It insulates you from electricity.
   rN:        It protects you from negative energy.
   Will:      It greatly increases your willpower.
 E - the +8 trident of the Present (weapon) {pain, Fly rElec rPois Int+5}
   (You found it on level 8 of the Dungeon)

   In the hands of one skilled in necromantic magic, it inflicts extra damage on
   living creatures.
   Your inability to study Necromancy prevents you from drawing on the full
   power of this weapon.
   Int:       It affects your intelligence (+5).
   rElec:     It insulates you from electricity.
   rPois:     It protects you from poison.
   Fly:       It grants you flight.
Missiles
 J - a throwing net
Armour
 a - the cursed +0 helmet "Shattered With Me" (worn) {Melee, Self}
   (You found it on level 7 of the Dungeon)

   It has a curse which improves the following skills: Melee Combat: Short
   Blades, Long Blades, Axes, Maces & Flails, Polearms, Staves and Unarmed
   Combat.
   Introspection: Fighting and Spellcasting.
 o - the cursed +2 cloak "Ensconced Together" (worn) {Evo, Melee}
   (You took it off Crazy Yiuf on level 3 of the Dungeon)

   It has a curse which improves the following skills: Evocations: Evocations.
   Melee Combat: Short Blades, Long Blades, Axes, Maces & Flails, Polearms,
   Staves and Unarmed Combat.
 s - +0 acid dragon scales (worn)
   (You found it on level 11 of the Dungeon)
 v - a +2 kite shield of resistance (worn)
   (You found it on level 6 of the Dungeon)
 y - +0 steam dragon scales
   (You found it on level 7 of the Dungeon)
 M - a +2 hat of willpower
   (You took it off Gastronok on level 11 of the Dungeon)
Jewellery
 i - the cursed ring "Lashed Together" (left hand) {Int+6, Self, Fort}
   (You found it on level 3 of the Dungeon)

   [ring of intelligence]

   Int:       It affects your intelligence (+6).
   It has a curse which improves the following skills: Introspection: Fighting
   and Spellcasting.
   Fortitude: Armour and Shields.
 B - the cursed ring of the Lashed Incredulity (right hand) {Int+6, Fort, Cun}
   (You found it on level 7 of the Dungeon)

   [ring of intelligence]

   Int:       It affects your intelligence (+6).
   It has a curse which improves the following skills: Fortitude: Armour and
   Shields.
   Cunning:   Dodging and Stealth.
 C - the cursed amulet "Failure of Ashenzari" (around neck) {Regen+, Self, Cun}
   (You found it on level 8 of the Dungeon)

   [amulet of regeneration]

   Regen:     It increases your rate of health regeneration.
   It has a curse which improves the following skills: Introspection: Fighting
   and Spellcasting.
   Cunning:   Dodging and Stealth.
 L - a ring of willpower
   (You found it on level 11 of the Dungeon)
 O - a ring of wizardry
   (You found it on level 13 of the Dungeon)
Wands
 g - a wand of charming (7)
   (You found it on level 3 of the Dungeon)
 n - a wand of flame (51)
   (You took it off Crazy Yiuf on level 3 of the Dungeon)
 A - a wand of digging (4)
   (You found it on level 7 of the Dungeon)
 N - a wand of quicksilver (3)
   (You found it on level 12 of the Dungeon)
 Q - a wand of iceblast (1)
   (You found it on level 13 of the Dungeon)
Scrolls
 k - 9 scrolls of poison
 l - a scroll of silence
 m - 5 scrolls of teleportation
 p - a scroll of summoning
 w - 3 scrolls of enchant armour
 z - 2 scrolls of magic mapping
 G - 2 scrolls of fear
 K - 2 scrolls of blinking
 P - a scroll of brand weapon
Potions
 b - 4 potions of magic
 c - 6 potions of resistance
 d - a potion of ambrosia
 e - 7 potions of heal wounds
 f - 10 potions of curing
 h - 4 potions of lignification
 j - 4 potions of brilliance
 q - 6 potions of might
 r - 2 potions of invisibility
 u - a potion of attraction
 x - 2 potions of cancellation
 D - 4 potions of degeneration
 F - 2 potions of berserk rage
 H - 2 potions of haste
 I - 4 potions of mutation

Dungeon Overview and Level Annotations

Branches:
Dungeon (15/15) Zot: 26446  Temple (1/1) D:4 Zot: 5955    Lair (0/5) D:9
    Orc (0/2) D:11         Vaults (0/5) D:14         Bailey (visited)
 Depths: D:15

Altars:
Ashenzari
Cheibriados
Dithmenos
Elyvilon
Fedhas
Gozag
Hepliaklqana
Makhleb
Nemelex Xobeh
Okawaru
Qazlal
Ru
Trog
Uskayaw
Wu Jian
Xom
Yredelemnul
Zin
The Shining One

Shops:
D:5 (   D:13 :   D:15 (

Annotations:
D:6 3 runed translucent doors, NinjaNoafa's ghost, novice TeGl
D:15 Jorgrun

.........#.##......# * *
...........##..[...# #..
*
......#............##...,
*
......#[................
,
#.....#................∩
......#####....#......,
#.....# ###...#....# , ,
##..... #.....#DJ..##.. *
, . , , ..z..Og@....... ,
, #. , ,,,.....OOQ##.....
** , .....O#Q., ,... , ,
, ......#.##,* # , , ,
..............,#.# *
.............. ..., ,
.......#.....,,... , , ,
8 .......#..... ... ,, *
* .........#... * ,


You could see Jorgrun, a fire dragon, a skeletal warrior, a slime creature, a
tengu warrior, 2 two-headed ogres, an ogre mage (invisible), a tengu conjurer
and an ogre.


Message History

You take 2 damage, and now have 123/128 hp.
A wave of flame ripples out!
The flame wave engulfs the slime creature!
The slime creature hits you but does no damage.
A slime creature comes into view.
A wave of flame ripples out!
The flame wave engulfs the slime creature!
The flame wave engulfs the slime creature.
The flame wave engulfs the slime creature!!
You finish channelling waves of flame.
You block the slime creature's attack.
A wave of flame ripples out!
The flame wave engulfs the slime creature!!
You kill the slime creature!
The flame wave engulfs the slime creature!!
You kill the slime creature! (Press . to intensify the flame waves.)
A tengu conjurer comes into view. It is wielding a +0 trident. 😕 HP[-3]
You take 3 damage, and now have 120/128 hp.
A wave of flame ripples out!
The flame wave engulfs the slime creature!! x2
The slime creature closely misses you.
Jorgrun says, "Tha earth be me home, an' ye be trespassing!"
Jorgrun casts a spell at you. You resist with some effort.
A wave of flame ripples out!
The flame wave engulfs the slime creature!
You kill the slime creature!
The flame wave engulfs the slime creature!
You finish channelling waves of flame.
You hear a shout!
Jorgrun gestures at you while chanting.
You are slowing down.
You block the slime creature's attack.
The tengu conjurer points at you and mumbles some strange words.
The bolt of lightning hits you. You resist.
A tengu warrior comes into view.
It is wielding a +0 great sword and wearing a +2 ring mail of fire resistance. 😕 HP[-3]
You take 3 damage, and now have 117/128 hp.
A wave of flame ripples out!
The flame wave engulfs the slime creature!! (Press . to intensify the flame waves.) Jorgrun says, "'tis place shall be yer tomb!"
Jorgrun casts a spell next to you.
The wall shatters!
The blast of rock fragments hits you! You block the slime creature's attack.
The tengu warrior unwields a +0 great sword.
The tengu warrior wields a +0 arbalest.
The tengu warrior shoots a bolt.
You block the bolt.
The slime creature hits you but does no damage.
Your limbs are stiffening. 😕 HP[-10]
You take 10 damage, and now have 107/128 hp.
The tengu warrior shoots a bolt.
The bolt hits you!! You block the slime creature's attack.
The tengu warrior shoots a bolt.
The bolt hits you!!
You have turned to stone.
You stop ascending the stairs.
The slime creature hits you!
The tengu warrior shoots a bolt.
The bolt hits you!!
The tengu conjurer hits you from afar with a +0 trident.
The ogre mage mumbles some strange words.
The ogre mage flickers and vanishes for a moment.
The fire dragon breathes flames at you. The blast of flame hits you.
You resist.
The slime creature hits you but does no damage.
The tengu warrior shoots a bolt.
The bolt hits you!
The two-headed ogre hits you with a +0 giant club.
* * * LOW HITPOINT WARNING * * *
The two-headed ogre hits you with a +0 giant club.
* * * LOW HITPOINT WARNING * * *
The tengu conjurer hits you but does no damage.
The slime creature hits you!
* * * LOW HITPOINT WARNING * * *
The tengu warrior shoots a bolt.
The bolt hits you!
* * * LOW HITPOINT WARNING * * *
The tengu conjurer hits you from afar with a +0 trident!
* * * LOW HITPOINT WARNING * * *
The two-headed ogre hits you with a +0 giant club!!
* * * LOW HITPOINT WARNING * * *
The two-headed ogre hits you with a +0 giant club!
* * * LOW HITPOINT WARNING * * *
Jorgrun barely misses you. The slime creature hits you.
* * * LOW HITPOINT WARNING * * *
The tengu conjurer hits you but does no damage.
The slime creature hits you!
* * * LOW HITPOINT WARNING * * *
Jorgrun hits you with a +0 vorpal quarterstaff!
* * * LOW HITPOINT WARNING * * *
x2 The tengu warrior unwields a +0 arbalest.
The tengu warrior wields a +0 great sword.
The tengu warrior hits you with a +0 great sword!
* * * LOW HITPOINT WARNING * * *
The tengu warrior pecks you but does no damage.
The tengu warrior claws you.
* * * LOW HITPOINT WARNING * * *
The two-headed ogre hits you with a +0 giant club!
* * * LOW HITPOINT WARNING * * *
The two-headed ogre barely misses you. The tengu conjurer barely misses you.
The fire dragon bites you!
You die...

Skill      XL: |  1  2  3  4  5  6  7  8  9 10 11 12 13 14 15 16 |
---------------+-------------------------------------------------+-----
Spellcasting   | 3 4 5 7 8 10 | 10.5
Dodging        | 3 4 5 7 9 11 13 15 17 | 17.2
Fighting       | 2 6 9 12 | 12.8
Shields        | 8 11 12 | 12.0
Stealth        | |  1.5

Action                   |  1- 3 |  4- 6 |  7- 9 | 10-12 | 13-15 | 16-18 || total
-------------------------+-------+-------+-------+-------+-------+-------++-------
Melee: Unarmed           |     1 |     6 |       |       |       |       ||     7
       Punch             |       |     1 |       |       |       |       ||     1
       Glaive            |       |       |     4 |       |       |       ||     4
       Trident           |       |       |       |     4 |     3 |       ||     7
 Cast: Foxfire           |    90 |   101 |    97 |    16 |     1 |       ||   305
       Kindle Blastspark |       |     2 |    13 |     9 |     5 |       ||    29
       Scorch            |       |     2 |       |       |       |       ||     2
       Flame Wave        |       |     1 |    22 |    71 |    95 |     6 ||   195
       Ozocubu's Armour  |       |       |     1 |       |       |       ||     1
       Inner Flame       |       |       |     1 |     3 |       |       ||     4
       Lee's Rapid Decon |       |       |       |       |    74 |       ||    74
       Fulminant Prism   |       |       |       |       |    32 |     1 ||    33
       Eringya's Noxious |       |       |       |       |     2 |       ||     2
Invok: Curse Item        |       |       |       |     2 |     3 |       ||     5
  Use: Scroll            |     2 |     9 |     3 |       |     2 |       ||    16
       Potion            |       |       |     1 |     1 |     2 |       ||     4
 Stab: Sleeping          |       |     1 |       |       |       |       ||     1
Armor: Robe              |     5 |     1 |    13 |       |       |       ||    19
       Steam dragon scal |       |       |     5 |    20 |     7 |       ||    32
       Acid dragon scale |       |       |       |       |    28 |     6 ||    34
Dodge: Dodged            |     9 |     7 |    59 |   102 |   105 |     6 ||   288
Block: Kite shield       |       |       |       |       |   119 |     6 ||   125

Levels and vault maps discovered:
D:1:      wander_arrival_lonely_grave, layout_basic, serial_forest,
          infiniplex_forest_straight_1, infiniplex_forest_straight_3,
          infiniplex_forest_clump_large, infiniplex_forest_clump_tiny,
          infiniplex_forest_lined_corner, infiniplex_forest_lined_2,
          grunt_decor_clamped
D:2:      layout_rooms, serial_curves, eino_curves_01, eino_curves_02,
          eino_curves_04
D:3:      layout_rooms, mainiacjoe_overflow_alcove_4, minmay_misc_feat_encased,
          minivault_23, fountainhead, uniq_crazy_yiuf_cottage
D:4:      layout_basic, mainiacjoe_overflow_two_lobes,
          eat_drink_and_be_merry_uskayaw, minmay_temple_entry_ruins,
          dk_noncrumbling_3, kennysheep_flooded_box
D:5:      layout_gridville, serial_shops, nicolae_shop_waterfront
D:6:      layout_rooms, mainiacjoe_overflow_large_starburst,
          gammafunk_ghost_split, chequers_avenue
D:7:      layout_rooms, nicolae_ashenzari_panopticon
D:8:      layout_rooms, mainiacjoe_overflow_six_doors_small,
          minmay_fractal_squares_gapless_5
D:9:      layout_stronghold, yredelemnul_forgotten_temple_becter,
          due_lair_maze_entry_diamond, grunt_ministairs_12
D:10:     layout_basic, enter_bailey_3, minmay_ruined_shrine
D:11:     minmay_chambers_of_sevens, layout_basic, elyvilon_altar_1,
          uniq_gastronok, uniq_harold
D:12:     layout_basic
D:13:     layout_grid_maze, serial_demonic, serial_demonic_e, serial_demonic_g,
          serial_demonic_f, serial_demonic_e, serial_shops, shop,
          minmay_crystal_box
D:14:     layout_cave_pools, grunt_vaults_entry_fortified,
          reono_crystal_passage, nicolae_vehumet_altar_sigil
D:15:     grunt_enter_depths_hoard, layout_basic, small_statue_intersection,
          serial_shops, nicolae_shop_bloodbath_and_beyond, uniq_jorgrun,
          uniq_josephine
Temple:   hellmonk_temple_divided_pantheon

Notes
Turn   | Place    | Note
-------+----------+-------------------------------------------
     0 | D:1      | ytrimaz the Djinni Fire Elementalist began the quest for
                  | the Orb.
     0 | D:1      | ytrimaz set off with the following spells memorised:
                  | Foxfire, Scorch, Kindle Blastsparks, Inner Flame, Flame
                  | Wave.
     0 | D:1      | Reached XP level 1. HP: 15/15 MP: 0/0
     0 | D:1      | magus.rc [v1.9.6]
   375 | D:1      | Reached XP level 2. HP: 17/21 MP: 0/0
   670 | D:1      | Reached skill level 3 in Spellcasting
   670 | D:1      | Reached XP level 3. HP: 19/25 MP: 0/0
   670 | D:1      | Learned a level 1 spell: Slow
  1625 | D:2      | Reached skill level 3 in Dodging
  1653 | D:2      | Reached XP level 4. HP: 27/31 MP: 0/0
  2276 | D:3      | Found a blossoming altar of Fedhas.
  2583 | D:3      | Found a runed translucent door.
  2584 | D:3      | Noticed Crazy Yiuf
  2600 | D:3      | Killed Crazy Yiuf
  2753 | D:4      | Reached XP level 5. HP: 32/35 MP: 0/0
  2753 | D:4      | Learned a level 2 spell: Ensorcelled Hibernation
  2822 | D:4      | Reached skill level 4 in Spellcasting
  2864 | D:4      | Found a staircase to the Ecumenical Temple.
  2889 | Temple   | Entered the Ecumenical Temple
  2889 | Temple   | Found a transporter.
  2889 | Temple   | Found a transporter.
  2895 | Temple   | Found a transporter.
  2895 | Temple   | Found a transporter.
  3175 | D:4      | Reached skill level 4 in Dodging
  3175 | D:4      | Reached XP level 6. HP: 36/40 MP: 0/0
  3194 | D:4      | Found a hide-covered altar of Uskayaw.
  3517 | D:4      | Noticed a black bear
  3522 | D:4      | Killed a black bear
  3573 | D:4      | Found a glowing golden altar of the Shining One.
  3614 | D:5      | Entered Level 5 of the Dungeon
  3764 | D:5      | Found Ahuts's Weapon Boutique.
  3786 | D:5      | Reached XP level 7. HP: 41/45 MP: 0/0
  3786 | D:5      | Learned a level 3 spell: Ozocubu's Armour
  3905 | D:5      | Reached skill level 5 in Spellcasting
  3934 | D:5      | Noticed a water moccasin
  3942 | D:5      | Killed a water moccasin
  3943 | D:5      | Reached skill level 5 in Dodging
  4164 | D:5      | Identified the +8 glaive of Insomnia {flame, rElec rN+
                  | Will+++ Int-3}
  4215 | D:5      | Identified the +0 hat "Siygoluc" {Slay+3}
  4357 | D:5      | Reached XP level 8. HP: 29/50 MP: 0/0
  4796 | D:6      | Reached skill level 6 in Spellcasting
  4833 | D:6      | Reached skill level 6 in Dodging
  5189 | D:6      | Noticed a kobold demonologist
  5208 | D:6      | Found a runed translucent gate.
  5208 | D:6      | Found a runed translucent gate.
  5209 | D:6      | Found a runed translucent gate.
  5214 | D:6      | Noticed NinjaNoafa's ghost (novice TeGl)
  5303 | D:6      | HP: 5/50 [gnoll/+0 halberd (9)]
  5528 | D:6      | Found a stormy altar of Qazlal.
  5854 | D:7      | Noticed a wyvern
  5858 | D:7      | Killed a wyvern
  5859 | D:7      | Reached skill level 7 in Dodging
  5859 | D:7      | Reached skill level 7 in Spellcasting
  5859 | D:7      | Reached XP level 9. HP: 49/55 MP: 0/0
  5859 | D:7      | Learned a level 4 spell: Fulminant Prism
  5963 | D:7      | Found a broken altar of Ashenzari.
  6201 | D:7      | Reached skill level 8 in Dodging
  6201 | D:7      | Reached skill level 8 in Spellcasting
  6710 | D:7      | Became a worshipper of Ashenzari the Shackled
  6767 | D:8      | Reached skill level 1 in Fighting
  6767 | D:8      | Reached skill level 9 in Dodging
  6925 | D:7      | HP: 12/58 [spore (5)]
  6926 | D:7      | Reached skill level 2 in Fighting
  6926 | D:7      | Reached XP level 10. HP: 13/65 MP: 0/0
  6926 | D:7      | magus.rc [v1.9.6]
  7107 | D:7      | Reached skill level 3 in Fighting
  7315 | D:8      | Reached skill level 4 in Fighting
  7315 | D:8      | Reached skill level 10 in Dodging
  7503 | D:8      | Identified the +8 trident of the Present {pain, Fly rElec
                  | rPois Int+5}
  7628 | D:8      | Reached skill level 5 in Fighting
  7763 | D:8      | Found a sparkling altar of Nemelex Xobeh.
  7891 | D:9      | Noticed a two-headed ogre
  7901 | D:9      | Killed a two-headed ogre
  7955 | D:9      | Reached skill level 11 in Dodging
  7987 | D:9      | Reached skill level 6 in Fighting
  8018 | D:9      | Reached XP level 11. HP: 27/78 MP: 0/0
  8018 | D:9      | Learned a level 5 spell: Irradiate
  8095 | D:9      | Found a staircase to the Lair.
  8172 | D:9      | Found a basalt altar of Yredelemnul.
  8331 | D:9      | Reached skill level 7 in Fighting
  8414 | D:9      | Reached skill level 12 in Dodging
  8423 | D:9      | Reached skill level 8 in Fighting
  8996 | D:10     | Entered Level 10 of the Dungeon
  9102 | D:10     | Reached * piety under Ashenzari
  9130 | D:10     | Found a flagged portal.
  9140 | Bailey   | Entered a bailey
  9285 | Bailey   | Identified 2 potions of experience
  9448 | D:10     | Reached skill level 13 in Dodging
  9458 | D:10     | Reached skill level 9 in Fighting
  9662 | D:10     | Noticed a manticore
  9666 | D:10     | Killed a manticore
  9666 | D:10     | Noticed a catoblepas
  9671 | D:10     | Killed a catoblepas
  9672 | D:10     | Reached XP level 12. HP: 30/93 MP: 0/0
  9847 | D:10     | Found a burning altar of Makhleb.
 10042 | D:10     | Reached skill level 10 in Spellcasting
 10042 | D:10     | Reached XP level 13. HP: 98/98 MP: 0/0
 10042 | D:10     | Learned a level 5 spell: Lee's Rapid Deconstruction
 10044 | D:10     | Reached skill level 8 in Shields
 10044 | D:10     | Reached XP level 14. HP: 103/103 MP: 0/0
 10064 | D:11     | Noticed Harold
 10079 | D:11     | Killed Harold
 10120 | D:11     | Reached skill level 10 in Fighting
 10249 | D:11     | Found a staircase to the Orcish Mines.
 10360 | D:11     | Reached ** piety under Ashenzari
 10422 | D:11     | Found a white marble altar of Elyvilon.
 10425 | D:11     | Noticed Gastronok
 10451 | D:11     | Killed Gastronok
 10699 | D:11     | Reached skill level 11 in Fighting
 10838 | D:11     | Reached skill level 14 in Dodging
 11377 | D:12     | Reached skill level 12 in Fighting
 12062 | D:13     | Reached *** piety under Ashenzari
 12161 | D:13     | Found a runed translucent door.
 12184 | D:13     | Identified the +11 shortbow of Vanity {elec, Contam rCorr
                  | Str+3}
 12197 | D:13     | Reached skill level 15 in Dodging
 12209 | D:13     | Reached XP level 15. HP: 84/121 MP: 0/0
 12209 | D:13     | Learned a level 6 spell: Eringya's Noxious Bog
 12221 | D:13     | Reached skill level 9 in Shields
 12257 | D:13     | Identified the +4 quarterstaff of the Final Chapter {flame,
                  | Contam Dex+4 Stlth+}
 12597 | D:13     | Found Vaffe's Book Boutique.
 13228 | D:14     | Reached skill level 10 in Shields
 13433 | D:14     | Reached skill level 16 in Dodging
 13693 | D:14     | Reached skill level 11 in Shields
 13845 | D:14     | Identified the +11 dagger "Nopleser" {vorpal, *Noise rF+
                  | Str+2}
 14103 | D:14     | Found a gate to the Vaults.
 14159 | D:15     | Entered Level 15 of the Dungeon
 14159 | D:15     | Found Xeaned's Weapon Shoppe.
 14166 | D:14     | Reached skill level 17 in Dodging
 14216 | D:15     | Noticed Josephine
 14221 | D:15     | Noticed Jorgrun
 14224 | D:14     | Killed Josephine
 14518 | D:14     | Reached XP level 16. HP: 67/128 MP: 0/0
 14644 | D:14     | Reached skill level 12 in Shields
 14702 | D:15     | HP: 31/128 [two-headed ogre/+0 giant club (5)]
 14703 | D:15     | HP: 15/128 [Jorgrun/+0 vorpal quarterstaff (7)]
 14703 | D:15     | HP: 6/128 [tengu warrior/+0 great sword (2)]
 14704 | D:15     | Slain by a fire dragon

Vanquished Creatures
  Gastronok (D:11)
  A fire dragon (D:14)
  Josephine (D:14)
  2 crystal guardians (D:13)
  5 vault guards (D:14)
  Harold (D:11)
  An ogre mage (D:14)
  A hydra (D:13)
  2 catoblepae
  8 two-headed ogres
  5 centaur warriors
  A boulder beetle (D:12)
  3 skeletal warriors (D:14)
  An orange crystal statue (D:13)
  An orc knight (D:11)
  An orc sorcerer (D:14)
  3 deep elf pyromancers
  21 ugly things
  8 manticores
  5 cyclopes
  A rust devil (D:13)
  A gargoyle (D:14)
  An orange demon (D:13)
  3 unseen horrors
  A tengu conjurer (D:14)
  A freezing wraith (D:14)
  2 komodo dragons
  A yaktaur (D:14)
  2 ice devils (D:13)
  2 hellwings (D:13)
  A red devil (D:13)
  A troll (D:11)
  A hornet (D:8)
  12 slime creatures
  3 meliai (D:14)
  2 centaur simulacra
  3 vampires
  4 wyverns
  7 wraiths
  29 yaks
  A human (D:14)
  2 steam dragons
  A basilisk (D:15)
  A redback simulacrum (D:10)
  2 acid dragons
  8 water moccasins
  6 orc warriors
  A sky beast (D:7)
  4 black bears
  An ice beast (D:7)
  17 centaurs
  4 ogres
  A kobold brigand (D:11)
  3 bullfrogs
  4 scorpions
  11 wights
  7 killer bees
  6 electric eels (D:10)
  A howler monkey (D:13)
  A jelly (D:4)
  9 orc priests
  Crazy Yiuf (D:3)
  2 gnoll boudas
  3 hounds
  5 iguanas
  7 orc wizards
  18 gnolls
  8 adders
  A shadow imp (D:6)
  A worm (D:3)
  2 dart slugs
  47 orcs
  5 ball pythons
  4 bats
  4 endoplasms
  4 giant cockroaches
  A hobgoblin (D:1)
  6 jackals
  3 quokkas
  2 frilled lizards (D:2)
  7 goblins
  4 kobolds
  7 rats
  A spectral orc (D:9)
  2 fulminant prisms (D:14)
386 creatures vanquished.

Vanquished Creatures (collateral kills)
  An iguana (D:6)
  3 gnolls (D:6)
4 creatures vanquished.

Vanquished Creatures (others)
  2 demonic plants (D:13)
  501 foxfires
  31 fulminant prisms
  39 fungi (D:9)
  32 plants (D:9)
605 creatures vanquished.

Grand Total: 995 creatures vanquished

Table legend:
 A = Non-vault XP
 B = Vault XP
 C = Vault XP percentage of total XP
 D = Non-vault monster count
 E = Vault monster count
 F = Vault count percentage of total count
                 A         B        C        D         E       F
            +---------+---------+-------+---------+---------+-------
      Total |   50357 |   29576 |  37.0 |     288 |     100 |  25.8
            +---------+---------+-------+---------+---------+-------
        D:1 |      44 |       0 |   0.0 |      20 |       0 |   0.0
        D:2 |      32 |       0 |   0.0 |      13 |       0 |   0.0
        D:3 |      19 |      40 |  67.8 |       8 |       1 |  11.1
        D:4 |     264 |       0 |   0.0 |      15 |       0 |   0.0
        D:5 |     801 |       0 |   0.0 |      19 |       0 |   0.0
        D:6 |     611 |       0 |   0.0 |      22 |       0 |   0.0
        D:7 |    2474 |       0 |   0.0 |      22 |       0 |   0.0
        D:8 |    1429 |      46 |   3.1 |      13 |       3 |  18.8
        D:9 |    1678 |    3649 |  68.5 |      13 |      21 |  61.8
       D:10 |    2576 |    1749 |  40.4 |      25 |       9 |  26.5
       D:11 |    6749 |    8025 |  54.3 |      25 |      16 |  39.0
       D:12 |    6097 |       0 |   0.0 |      30 |       0 |   0.0
       D:13 |    5928 |    6709 |  53.1 |      18 |      12 |  40.0
       D:14 |   19645 |    8000 |  28.9 |      38 |      12 |  24.0
       D:15 |    2010 |    1043 |  34.2 |       7 |       5 |  41.7
     Bailey |       0 |     315 | 100.0 |       0 |      21 | 100.0
            +---------+---------+-------+---------+---------+-------

Illustrated notes

Table legend:
 A = Kills in this place as a percentage of kills in entire the game.
 B = Kills by you in this place as a percentage of kills by you in the entire game.
 C = Kills by friends in this place as a percentage of kills by friends in the entire game.
 D = Other kills in this place as a percentage of other kills in the entire game.
 E = Experience gained in this place as a percentage of experience gained in the entire game.
 F = Experience gained in this place divided by the number of levels of this place that you have seen.
                   A       B       C       D       E      F
               +-------+-------+-------+-------+-------+----------------------
         Total | 100.0 | 100.0 | 100.0 |   N/A | 100.0 | 4701.9
       Dungeon |  94.6 |  94.5 | 100.0 |   N/A |  99.6 | 5307.9
        Bailey |   5.4 |   5.5 |   0.0 |   N/A |   0.4 | 315.0
               +-------+-------+-------+-------+-------+----------------------

Table legend: (Time is in decaauts)
 A = Elapsed time spent in this place.
 B = Non-inter-level travel time spent in this place.
 C = Inter-level travel time spent in this place.
 D = Time resting spent in this place.
 E = Time spent auto-exploring this place.
 F = Levels seen in this place.
 G = Mean time per level.
                   A        B        C        D        E       F      G
               +--------+--------+--------+--------+--------+-----+--------+
         Total |  14703 |  14060 |    643 |    958 |  10657 |  17 |  864.9 |
       Dungeon |  14383 |  13740 |    643 |    958 |  10463 |  15 |  958.9 |
        Temple |     44 |     44 |      0 |      0 |      8 |   1 |   44.0 |
        Bailey |    274 |    274 |      0 |      0 |    186 |   1 |  274.0 |
               +--------+--------+--------+--------+--------+-----+--------+

Top non-repeatable levels by time:
     D:7: 1456 daAuts
     D:1: 1315 daAuts
    D:14: 1293 daAuts
    D:13: 1277 daAuts
     D:5: 1177 daAuts
     D:9: 1123 daAuts
     D:6: 1024 daAuts
    D:11: 974 daAuts
    D:12: 940 daAuts
     D:4: 826 daAuts
    D:10: 817 daAuts
     D:3: 737 daAuts
     D:2: 689 daAuts
     D:8: 604 daAuts
  Bailey: 274 daAuts
